 Dungeon Crawl Stone Soup version 0.26-b1-32-g5d43845318 (webtiles) character file.

Game seed: 5085610119406622207

13623 Inarius the Severer (level 12, -4/103 HPs)
             Began as a Hill Orc Fighter on Jan 9, 2021.
             Was the Champion of Jiyva.
             Slain by an orc knight
             ... wielding a +0 halberd
              (32 damage)
             ... in a bailey.
             The game lasted 00:16:49 (10099 turns).

Inarius the Severer (Hill Orc Fighter)             Turns: 10099, Time: 00:16:49

Health: -4/103     AC: 14    Str: 26    XL:     12   Next: 8%
Magic:  12/12      EV: 10    Int:  9    God:    Jiyva [******]
Gold:   189        SH: 17    Dex: 13    Spells: 11/11 levels left

rFire    . . .     SeeInvis .   a - +4 broad axe (drain)
rCold    + . .     Faith    .   O - +0 kite shield of Filth {Rampage rC+ Slay+3}
rNeg     . . .     Spirit   .   w - +0 swamp dragon scales
rPois    +         Reflect  +   y - +1 helmet
rElec    .         Harm     .   I - +0 cloak
rCorr    +         Rampage  +   D - +0 pair of gloves
Will     +....                  (no boots)
Stlth    +.........             d - amulet of reflection
HPRegen  0.27/turn              F - +6 ring of strength
MPRegen  0.13/turn              u - ring of willpower

@: no status effects
A: hooves 1, evolution 1
a: Renounce Religion, Request Jelly, Slimify, Cure Bad Mutation


You were in a bailey.
You worshipped Jiyva.
Jiyva was exalted by your worship.
You visited 2 branches of the dungeon, and saw 11 of its levels.
You also visited: Ossuary and Bailey.

You collected 683 gold pieces.
You spent 494 gold pieces at shops.

Inventory:

Hand Weapons
 a - a +4 broad axe of draining (weapon)
 m - a +1 vorpal broad axe
 r - a +2 war axe of freezing
 A - a +1 whip of electrocution
 H - the +8 flail of Muneaw Tuapa {protect, rN+ Str-3 Stlth+}
   (You found it on level 7 of the Dungeon)

   It grants its wielder temporary protection when it strikes (+7 to AC).
   It affects your strength (-3).
   It protects you from negative energy.
   It makes you more stealthy.
 J - a +3 scimitar of flaming
 Q - a +2 vampiric spear
Armour
 q - a +0 chain mail
 s - a +0 scale mail of cold resistance
 w - +0 swamp dragon scales (worn)
 y - a +1 helmet (worn)
 D - a +0 pair of gloves (worn)
 I - a +0 cloak (worn)
 O - the +0 kite shield of Filth (worn) {Rampage rC+ Slay+3}
   (You took it off a gnoll sergeant on level 8 of the Dungeon)

   It affects your accuracy and damage with ranged weapons and melee attacks
   (+3).
   It protects you from cold.
   It bestows one free step when moving towards enemies.
Jewellery
 d - an amulet of reflection (around neck)
 i - an uncursed amulet of faith
 u - a ring of willpower (right hand)
 F - a +6 ring of strength (left hand)
 M - an uncursed ring of ice
Wands
 c - a wand of random effects (16)
 x - a wand of iceblast (4)
 B - a wand of flame (51)
 C - a wand of acid (17)
 N - a wand of polymorph (15)
Scrolls
 b - a scroll of immolation
 e - a scroll of fear
 g - 10 scrolls of teleportation
 h - 2 scrolls of enchant armour
 k - 3 scrolls of enchant weapon {unknown}
 o - 7 scrolls of remove curse
 p - 2 scrolls of blinking
 v - 2 scrolls of noise
 G - 2 scrolls of fog
Potions
 f - 3 potions of cancellation
 j - 4 potions of ambrosia
 l - a potion of heal wounds
 n - 2 potions of brilliance
 t - 6 potions of curing
 z - 2 potions of flight
 E - a potion of haste
 K - 2 potions of berserk rage
Miscellaneous
 S - a phial of floods (inert)


   Skills:
 + Level 8.7 Fighting
 * Level 17.4 Axes
 + Level 6.8 Armour
 + Level 2.1 Dodging
 + Level 2.2 Stealth
 + Level 9.4 Shields
 * Level 2.9 Evocations


You had 11 spell levels left.
You didn't know any spells.
Your spell library contained the following spells:

 Spells                   Type           Power        Failure   Level
 Corona                   Hex            0%           77%         1
 Ensorcelled Hibernation  Hex/Ice        0%           88%         2
 Fulminant Prism          Conj/Hex       0%           100%        4
 Yara's Violent Unravell  Hex/Tmut       0%           100%        5
 Discord                  Hex            0%           100%        8


Dungeon Overview and Level Annotations

Branches:
Dungeon (10/15)            Temple (1/1) D:6            Lair (0/6) D:10
Ossuary (visited)          Bailey (1/1)
    Orc: D:9-12

Altars:
Ashenzari
Cheibriados
Dithmenos
Fedhas
Gozag
Kikubaaqudgha
Makhleb
Nemelex Xobeh
Okawaru
Qazlal
Ru
Wu Jian
Xom
Zin
The Shining One
Jiyva

Shops:
D:6 =   D:7 !   D:10 (


Innate Abilities, Weirdness & Mutations

You have large cloven feet.
You evolve.


Message History

Aiming: Corrosive Bolt
Press: ? - help, Shift-Dir - straight line, f/p - orc knight
Aim: an orc knight, wielding a +0 trident and wearing a +0 ring mail (33% to evade)
The bolt of acid hits the orc knight!
The orc knight is splashed with acid.
The acid corrodes the orc knight!
The orc knight is moderately wounded.
The bolt of acid hits the orc knight!
The orc knight is splashed with acid.
The orc knight is lightly wounded.
You hear a shout!
An orc knight comes into view. It is wielding a +0 halberd.
Unknown command.
Unknown command.
Evoke which item? (* to show all) (? for menu, Esc to quit)
Aiming: Corrosive Bolt
Press: ? - help, Shift-Dir - straight line, f/p - orc knight
Aim: an orc knight, wielding a +0 trident and wearing a +0 ring mail (lightly wounded, 33% to evade)
The bolt of acid hits the orc knight!
The orc knight is splashed with acid.
The orc knight is moderately wounded.
The orc knight hits you from afar with a +0 halberd!!
You die...

####### ####### #
#.....#########.....###...
.......#.....#.......'....
.......'.....'JJ@.o..ooo..
.......'.....'J...o..'....
.......'.....'.......'....
.......#.....#.......'....
#.....#########.....###...
####### ####### ##


You could see 3 orc knights, an orc warrior (strong), an orc (strong) and 3
neutral jellies (fellow slime).

Vanquished Creatures
  Erica (D:8)
  A two-headed ogre (D:9)
  2 death yaks (D:10)
  The ghost of inmateoo the Magician, a novice DrIE of Cheibriados (D:8)
  Pikel (D:6)
  An orc knight (Bailey)
  A manticore (D:7)
  Joseph (D:8)
  Maurice (D:8)
  Maggie (D:6)
  A troll (D:9)
  Grinder (D:3)
  Prince Ribbit (D:9)
  A meliai zombie (D:9)
  6 yaks
  Grum (D:8)
  Duvessa (D:4)
  4 sky beasts
  2 ice beasts (D:6)
  5 orc warriors (Bailey)
  A black bear (D:7)
  A phantom (D:9)
  2 necrophages
  5 ogres
  2 wolves (D:8)
  3 centaurs
  3 lemures (D:6)
  Blork the orc (D:6)
  A big kobold (D:10)
  7 bullfrogs
  3 gnoll sergeants (D:8)
  A wyvern zombie (D:10)
  A scorpion (D:5)
  Dowan (D:4)
  A wight (D:7)
  3 howler monkeys
  2 lava snakes (D:9)
  2 bullfrog zombies
  8 hounds
  A centaur zombie (D:8)
  2 bullfrog skeletons
  8 orc priests
  3 centaur skeletons
  4 gnoll shamans
  14 mummies (Ossuary)
  Jessica (D:3)
  6 iguanas
  7 orc wizards
  7 worker ants
  A killer bee zombie (Ossuary)
  2 hound zombies
  A howler monkey zombie (D:5)
  2 worker ant zombies
  35 gnolls
  13 adders
  2 shadow imps (D:5)
  5 white imps
  An ufetubus (D:6)
  An ooze (D:3)
  An adder skeleton (D:5)
  2 adder zombies (Ossuary)
  4 worms
  7 leopard geckos
  65 orcs
  5 ball pythons
  3 giant cockroaches
  7 hobgoblins
  30 jackals
  8 quokkas
  7 bats
  6 frilled lizards
  2 giant cockroach zombies (Ossuary)
  4 goblins
  12 kobolds
  A leopard gecko zombie (D:6)
  3 quokka skeletons
  5 rats
370 creatures vanquished.

Vanquished Creatures (collateral kills)
  A death yak (D:10)
  A yak (D:10)
  A howler monkey (D:10)
3 creatures vanquished.

Vanquished Creatures (others)
  4 humans (D:10)
  5 jellies
  2 orc priests (D:7)
  2 hounds
  A bullfrog skeleton (D:7)
  3 adders
  5 gnolls (D:6)
  A white imp (D:7)
  2 orcs (D:7)
  A goblin (D:10)
  4 kobolds (D:10)
  4 fungi (D:6)
  7 plants
  8 withered plants
49 creatures vanquished.

Grand Total: 422 creatures vanquished

Notes
Turn   | Place    | Note
-------+----------+-------------------------------------------
     0 | D:1      | Inarius the Hill Orc Fighter began the quest for the Orb.
     0 | D:1      | Reached XP level 1. HP: 19/19 MP: 1/1
   108 | D:1      | Reached XP level 2. HP: 21/27 MP: 2/2
   192 | D:1      | Reached skill level 3 in Axes
   613 | D:2      | Reached XP level 3. HP: 33/33 MP: 3/3
  1469 | D:2      | Reached XP level 4. HP: 40/40 MP: 4/4
  1713 | D:3      | Reached skill level 4 in Axes
  1742 | D:3      | Noticed Jessica
  1749 | D:3      | Killed Jessica
  2039 | D:3      | Noticed Grinder
  2055 | D:3      | Reached skill level 5 in Axes
  2055 | D:3      | Reached XP level 5. HP: 15/46 MP: 5/5
  2058 | D:3      | Killed Grinder
  2059 | D:3      | Reached skill level 7 in Axes
  2059 | D:3      | Reached XP level 6. HP: 10/53 MP: 6/6
  2937 | D:3      | Found an ornate altar of the Wu Jian Council.
  2937 | D:3      | Found an opulent altar of Gozag.
  2938 | D:3      | Found a burning altar of Makhleb.
  3197 | D:4      | Noticed Dowan
  3211 | D:4      | Noticed Duvessa
  3212 | D:4      | Killed Dowan
  3213 | D:4      | Reached XP level 7. HP: 58/60 MP: 7/7
  3227 | D:4      | Killed Duvessa
  3228 | D:4      | Reached skill level 8 in Axes
  3740 | D:4      | Reached skill level 9 in Axes
  3762 | D:4      | Reached skill level 5 in Fighting
  4009 | D:4      | Reached skill level 5 in Shields
  4018 | D:4      | Reached XP level 8. HP: 59/68 MP: 8/8
  4316 | D:4      | Found a shadowy altar of Dithmenos.
  4419 | D:5      | Entered Level 5 of the Dungeon
  4509 | D:5      | Reached skill level 10 in Axes
  5311 | D:5      | Found a glowing golden altar of the Shining One.
  5440 | D:5      | Reached skill level 11 in Axes
  5462 | D:5      | Found a sacrificial altar of Ru.
  5570 | D:6      | Found Yhuv's Jewellery Shop.
  5704 | D:6      | Found a staircase to the Ecumenical Temple.
  5724 | Temple   | Entered the Ecumenical Temple
  5756 | Temple   | Became a worshipper of Jiyva Jozxasad the Shapeless
  5803 | D:6      | Noticed Maggie
  5818 | D:6      | Killed Maggie
  5819 | D:6      | Reached skill level 12 in Axes
  5819 | D:6      | Reached skill level 5 in Armour
  5819 | D:6      | Reached XP level 9. HP: 73/75 MP: 9/9
  5977 | D:6      | Noticed Pikel
  6014 | D:6      | Killed Pikel
  6335 | D:6      | Noticed Blork the orc
  6339 | D:6      | Reached skill level 13 in Axes
  6343 | D:6      | Killed Blork the orc
  6478 | D:6      | Reached * piety under Jiyva
  6573 | D:6      | Reached ** piety under Jiyva
  6627 | D:6      | Reached *** piety under Jiyva
  6703 | D:6      | Gained mutation: You can translocate small distances at
                  | will. [Jiyva's grace]
  6706 | D:6      | Reached XP level 10. HP: 79/83 MP: 10/10
  6860 | D:7      | Found Visulepn's Distillery.
  6863 | D:7      | Bought a potion of curing for 42 gold pieces
  6863 | D:7      | Bought a potion of haste for 140 gold pieces
  6996 | D:7      | Reached **** piety under Jiyva
  7043 | D:7      | Found a glowing silver altar of Zin.
  7065 | D:7      | Reached skill level 14 in Axes
  7144 | D:7      | Noticed a manticore
  7152 | D:7      | Killed a manticore
  7153 | D:7      | Reached skill level 1 in Dodging
  7177 | D:7      | Got a transparent flail
  7178 | D:7      | Identified the +8 flail of Muneaw Tuapa {protect, rN+ Str-3
                  | Stlth+} (You found it on level 7 of the Dungeon)
  7251 | D:7      | Lost mutation: You can translocate small distances at will.
                  | [Jiyva's grace]
  7277 | D:7      | Reached ***** piety under Jiyva
  7386 | D:7      | Found a snail-covered altar of Cheibriados.
  7648 | D:8      | Found a transporter.
  7659 | D:8      | Identified the cursed +3 spear of the Candelabrum {venom,
                  | +Blink Str+2 Dex+2}
  7659 | D:8      | Identified the +0 kite shield of Filth {Rampage rC+ Slay+3}
  7717 | D:8      | Noticed Grum
  7738 | D:8      | Killed Grum
  7802 | D:8      | Noticed Joseph
  7818 | D:8      | Killed Joseph
  7822 | D:8      | Found a stormy altar of Qazlal.
  7822 | D:8      | Noticed Maurice
  7832 | D:8      | Killed Maurice
  7833 | D:8      | Reached skill level 15 in Axes
  7852 | D:8      | Noticed Erica
  7860 | D:8      | Killed Erica
  7878 | D:8      | Found an iron altar of Okawaru.
  7887 | D:8      | Found a sand-covered staircase.
  7905 | Ossuary  | Entered an ossuary
  8037 | Ossuary  | Reached XP level 11. HP: 77/92 MP: 11/11
  8333 | D:8      | Found a transporter.
  8346 | D:8      | Identified the ring "Ruruovia" {Wiz *Corrode Dex+3 Stlth+}
  8576 | D:8      | Noticed inmateoo's ghost (novice DrIE)
  8603 | D:8      | Killed inmateoo's ghost
  8604 | D:8      | Reached skill level 1 in Stealth
  8636 | D:8      | Reached skill level 16 in Axes
  8682 | D:8      | Gained mutation: You evolve. [Jiyva's grace]
  8710 | D:8      | Gained mutation: You have large cloven feet. [Jiyva's
                  | grace]
  8796 | D:9      | Identified the Reference Book on Execration
  8861 | D:9      | Noticed Prince Ribbit
  8864 | D:9      | Noticed a two-headed ogre
  8867 | D:9      | Killed Prince Ribbit
  8875 | D:9      | Killed a two-headed ogre
  8876 | D:9      | Reached skill level 1 in Evocations
  9089 | D:9      | Noticed a frost giant
  9169 | D:9      | Found an ancient bone altar of Kikubaaqudgha.
  9192 | D:9      | Found a shimmering altar of Xom.
  9237 | D:9      | Found a shimmering altar of Xom.
  9237 | D:9      | Found a shimmering altar of Xom.
  9243 | D:9      | Found a shimmering altar of Xom.
  9243 | D:9      | Found a shimmering altar of Xom.
  9244 | D:9      | Found a shimmering altar of Xom.
  9244 | D:9      | Found a shimmering altar of Xom.
  9244 | D:9      | Found a shimmering altar of Xom.
  9355 | D:9      | Found a blossoming altar of Fedhas.
  9522 | D:9      | Reached ****** piety under Jiyva
  9522 | D:9      | Gained mutation: You have acidic saliva. [Jiyva's grace]
  9676 | D:10     | Entered Level 10 of the Dungeon
  9732 | D:10     | Found Gungiany's Weapon Emporium.
  9743 | D:10     | Bought a +4 broad axe for 312 gold pieces
  9902 | D:10     | Lost mutation: You have acidic saliva. [Jiyva's grace]
  9912 | D:10     | Noticed a death yak
  9912 | D:10     | Noticed a death yak
  9913 | D:10     | Found a staircase to the Lair.
  9913 | D:10     | Noticed a death yak
  9927 | D:10     | Killed a death yak
  9929 | D:10     | Killed a death yak
  9931 | D:10     | Killed a death yak
  9932 | D:10     | Reached skill level 17 in Axes
  9960 | D:10     | Gained mutation: Armour fits poorly on your pseudopods.
                  | [Jiyva's grace]
  9990 | D:10     | Found a flagged portal.
 10002 | Bailey   | Entered a bailey
 10043 | Bailey   | Reached XP level 12. HP: 103/103 MP: 12/12
 10071 | Bailey   | Lost mutation: Armour fits poorly on your pseudopods.
                  | [Jiyva's grace]
 10099 | Bailey   | Slain by an orc knight

Illustrated notes

Levels and vault maps discovered:
D:1:      dpeg_arrival_fog, layout_rooms, minmay_misc_feat_alley
D:2:      layout_loops_ring
D:3:      layout_basic, gammafunk_temple_overflow_claw, minmay_misc_feat_chi,
          bh_walls_and_bars, uniq_grinder, uniq_jessica
D:4:      cheibrodos_barr_body, layout_basic, grunt_dithmenos_smoke,
          uniq_duvessa
D:5:      layout_gridville, marbit_many_paths, lemuel_crystal_altar
D:6:      lemuel_castle_with_subvaults [lemuel_castle_interior_carwin_2],
          layout_rooms, minmay_temple_entry_mini_moons, serial_shops,
          nicolae_shop_stone, serial_aquarium, aquarium_bridge_straight
          [aquarium_subvault_bridge, aquarium_subvault_wall,
          aquarium_subvault_bridge, aquarium_subvault_window],
          aquarium_window_corridor_3, aquarium_window_1, aquarium_window_2,
          aquarium_view_2c, aquarium_pool_side, kennysheep_generic_room_6,
          uniq_blork_the_orc, uniq_maggie, uniq_pikel
D:7:      minmay_slanted_spiral_squares, layout_basic, zin_statuary,
          slow_altar_2, serial_shops, shop
D:8:      layout_loops_cross, kennysheep_mini_moat, kennysheep_little_box,
          gammafunk_ghost_gnarly_gnolls, enter_ossuary_1, uniq_erica, uniq_grum,
          uniq_maurice, uniq_joseph
D:9:      layout_rooms, xom_redecorated, nicolae_overflow_hidden_temple,
          kiku_gazebo_garden_becter, kennysheep_island_fort, uniq_prince_ribbit1
D:10:     layout_roguey, dpeg_lair_monsters,
          kennysheep_orc_monster_closet_entryway, enter_bailey_7, serial_shops,
          shop, st_stairs_4, minmay_ruffians
Temple:   pf_slime_end_temple
Bailey:   bailey_polearm_5, bailey

Skill      XL: |  1  2  3  4  5  6  7  8  9 10 11 |
---------------+----------------------------------+-----
Axes           | 3 5 7 9 12 13 15 17 | 17.4
Fighting       | 4 5 6 7 8 |  8.7
Armour         | 4 5 6 |  6.8
Shields        | 4 5 6 8 9 |  9.4
Dodging        | 1 2 |  2.1
Stealth        | 2 |  2.2
Evocations     | 2 |  2.9

Action                   |  1- 3 |  4- 6 |  7- 9 | 10-12 || total
-------------------------+-------+-------+-------+-------++-------
Melee: War axe           |   116 |    91 |   361 |   333 ||   901
       Broad axe         |       |       |       |    94 ||    94
       Kick              |       |       |       |    42 ||    42
       Bite              |       |       |       |     4 ||     4
Invok: Request Jelly     |       |       |       |     2 ||     2
Evoke: Wand              |       |       |       |     4 ||     4
       Phial of floods   |       |       |       |     1 ||     1
  Use: Potion            |       |     1 |     3 |     2 ||     6
       Scroll            |       |       |       |    21 ||    21
 Stab: Invisible         |       |       |       |     5 ||     5
       Distracted        |       |       |       |     1 ||     1
Armor: Scale mail        |    50 |       |       |       ||    50
       Chain mail        |     1 |    39 |   114 |    44 ||   198
       Skin              |       |       |     1 |       ||     1
       Swamp dragon scal |       |       |       |    27 ||    27
Dodge: Dodged            |    26 |    16 |    64 |    65 ||   171
Block: Kite shield       |    55 |    52 |   203 |   272 ||   582
       Reflection        |       |     2 |       |    15 ||    17
